 Dungeon Crawl Stone Soup version 0.17-a0-1481-gfdcec5c (webtiles) character file.

11330 Fizybubbleh the Slicer (level 11, -6/68 HPs)
             Began as a Mummy Necromancer on July 3, 2015.
             Was a Priest of Sif Muna.
             Mangled by a yak (9 damage)
             ... on level 5 of the Lair of Beasts on July 4, 2015.
             The game lasted 01:43:29 (21022 turns).

Fizybubbleh the Slicer (Mummy Necromancer)         Turns: 21022, Time: 01:43:29

Health: -6/68      AC:  7    Str: 12    XL:     11   Next: 47%
Magic:  2/17       EV: 12    Int: 21    God:    Sif Muna [***...]
Gold:   597        SH:  0    Dex: 14    Spells: 5 memorised, 5 levels left

rFire  x . .     SeeInvis .     f - +1 short sword (venom)
rCold  + + .     Clarity  .     E - +1 robe {rC+}
rNeg   + + +     SustAt   .     (no shield)
rPois  ∞         Gourm    .     q - +0 helmet
rElec  .         Spirit   .     (no cloak)
rCorr  .         Warding  .     (no gloves)
rMut   .         Stasis   .     e - +2 pair of boots {run}
MR     +....                    (no amulet)
Stlth  ++........               G - +3 ring of intelligence
                                C - +2 ring of dexterity

@: quick, somewhat resistant to hostile enchantments, unstealthy
A: no food or potions, fire vulnerability, cold resistance 1, negative energy
resistance 3, torment resistance, unbreathing
a: Channel Energy, Forget Spell, Renounce Religion


You were on level 5 of the Lair of Beasts.
You worshipped Sif Muna.
Sif Muna was most pleased with you.
You were not hungry.

You visited 2 branches of the dungeon, and saw 14 of its levels.
You also visited: Labyrinth.

You collected 702 gold pieces.
You spent 105 gold pieces at shops.

Inventory:

Hand weapons
 c - a +0 club
 f - a +1 short sword of venom (weapon)
Missiles
 d - 54 sling bullets
 h - 7 curare-tipped needles
 K - a tomahawk of returning (quivered)
Armour
 a - a +0 robe
 e - a +2 pair of boots of running (worn)
 m - a +2 robe of the Archmagi
 q - a +0 helmet (worn)
 r - a +1 pair of boots
 E - a +1 robe of cold resistance (worn)
 I - the +0 scale mail of the Cockroach {Int+3}
   (You found it on level 4 of the Lair of Beasts)

   It affects your intelligence (+3).
Magical staves
 y - an uncursed staff of poison
 B - an uncursed staff of conjuration
Jewellery
 l - an uncursed ring of see invisible
 w - an uncursed ring of sustain attributes
 z - an uncursed ring of poison resistance
 A - an uncursed ring of protection from magic
 C - a +2 ring of dexterity (left hand)
 G - a +3 ring of intelligence (right hand)
 J - an uncursed ring of loudness
Magical devices
 k - a wand of polymorph (3)
 o - a wand of polymorph (6)
 t - a wand of paralysis (0)
 v - a wand of magic darts (36)
 H - a wand of random effects (18)
Scrolls
 g - 3 scrolls of remove curse
 i - 6 scrolls of identify
 j - a scroll of fog
 n - 2 scrolls of recharging
 p - a scroll of amnesia
 s - a scroll of random uselessness
Books
 b - a book of Necromancy

   Spells                             Type                      Level
   a - Pain                           Necromancy                   1
   b - Animate Skeleton               Necromancy                   1
   c - Vampiric Draining              Necromancy                   3
   d - Regeneration                   Charms/Necromancy            3
   e - Animate Dead                   Necromancy                   4
   f - Control Undead                 Necromancy                   4
 u - a book of the Earth

   Spells                             Type                      Level
   a - Leda's Liquefaction            Hexes/Earth                  4
   b - Bolt of Magma                  Conjuration/Fire/Earth       5
   c - Statue Form                    Transmutation/Earth          6
   d - Iron Shot                      Conjuration/Earth            6
   e - Shatter                        Earth                        9
 D - Yroe's Almanac of Beguiling
   (You found it in a labyrinth)

   Spells                             Type                      Level
   a - Ensorcelled Hibernation        Hexes/Ice                    2
   b - Dazzling Spray                 Conjuration/Hexes            3
   c - Summon Guardian Golem          Hexes/Summoning              3
   d - Inner Flame                    Hexes/Fire                   3
   e - Fulminant Prism                Conjuration/Hexes            4
   f - Mass Confusion                 Hexes                        6
   g - Discord                        Hexes                        8


   Skills:
 + Level 12.0 Short Blades
 - Level 1.5 Dodging
 - Level 1.5 Stealth
 - Level 4.0 Spellcasting
 - Level 11.2 Necromancy


You had 5 spell levels left.
You knew the following spells:

 Your Spells              Type           Power        Failure   Level  Hunger
a - Pain                  Necr           ####         1%          1    N/A
b - Animate Skeleton      Necr           N/A          1%          1    N/A
c - Vampiric Draining     Necr           ######....   1%          3    N/A
d - Control Undead        Necr           ######....   1%          4    N/A
e - Animate Dead          Necr           N/A          1%          4    N/A

Dungeon Overview and Level Annotations

Branches:
Dungeon (9/15)             Temple (0/1) D:6            Lair (5/8) D:8
  Swamp: Lair:3-6    Shoals: Lair:3-6     Snake: Lair:3-6    Spider: Lair:3-6
    Orc: D:9-12

Altars:
Ashenzari
Gozag
Qazlal
Sif Muna
Trog
The Shining One

Shops:
D:4 *

Annotations:
D:1 exclusion: 2 downstairs
D:2 exclusions: 2 downstairs and 1 more exclusion
D:3 exclusion: downstairs
D:4 Grinder
D:7 exclusions: downstairs and wight
D:8 exclusions: door and 1 more exclusion
Lair:4 5 exclusions


Innate Abilities, Weirdness & Mutations

You do not eat or drink.
Your flesh is vulnerable to fire.
You are immune to poison.
Your flesh is cold resistant.
You are immune to negative energy.
You are immune to unholy pain and torment.
You can survive without breathing.


Message History

The yak gores you but does no damage.
You regained 2 mp, and now have 2/17 mp.
You fail to use your ability.
The yak barely misses you. The yak gores you.
* * * LOW HITPOINT WARNING * * *
You take 4 damage, and have 9/68 hp.
You channel some magical energy.
You kill the yak!
Your Short Blades skill increases to level 12!
The yak gores you but does no damage.
You regained 2 mp, and now have 4/17 mp.
Unknown command.
Aim: a yak You feel life coursing into your body.
The yak gores you!
* * * LOW HITPOINT WARNING * * *
You take 7 damage, and have 2/68 hp.
You now have 1/17 mp.
You channel some magical energy.
The yak closely misses you.
You fail to use your ability.
The yak gores you!
You die...

.>.........<....#
...........(....#
..............#.#
l............##
.. #..........P#
# .#........##
#.#.....###
###Y†## ##@# ###


You could see a yak.

Vanquished Creatures
  An elephant (Lair:5)
  A black mamba (Lair:4)
  A torpor snail (Lair:3)
  3 spiny frogs
  A fire drake (Lair:2)
  4 komodo dragons
  A queen bee (Lair:1)
  Sigmund (D:4)
  9 yaks
  A deep elf fighter (D:8)
  A basilisk (Lair:1)
  A hungry ghost (D:8)
  6 wolves (Lair:1)
  4 water moccasins
  4 porcupines
  A necrophage (D:8)
  A sky beast (D:6)
  2 centaurs (D:8)
  2 black bears
  6 crocodiles
  3 ogres
  Blork the orc (D:4)
  11 giant frogs
  A scorpion (D:6)
  2 wights (D:8)
  16 killer bees (Lair:1)
  A wyvern skeleton (D:8)
  3 crimson imps
  6 orc priests
  4 orc wizards
  A hound (D:5)
  5 worker ants
  Natasha (twice) (D:2)
  4 iguanas
  A hell rat (Lair:5)
  7 sheep (Lair:3)
  3 gnolls (D:3)
  2 worker ant zombies
  7 adders
  A river rat (Lair:4)
  2 shadow imps
  2 white imps (Lair:4)
  2 oozes (D:3)
  An adder zombie (D:8)
  An adder skeleton (D:4)
  3 worms
  9 giant geckos
  30 orcs
  4 ball pythons
  2 bat skeletons (D:4)
  7 giant cockroaches
  10 goblins
  13 hobgoblins
  9 jackals
  16 kobolds
  4 quokkas
  22 bats
  8 giant newts
  A jackal zombie (D:5)
  21 rats
299 creatures vanquished.

Vanquished Creatures (collateral kills)
  A spiny frog (Lair:2)
  A hippogriff (Lair:3)
  2 water moccasins
  2 porcupines
  4 crocodiles
  2 giant frogs (Lair:1)
  9 killer bees (Lair:1)
  An electric eel (D:8)
  2 wights (D:8)
  An orc priest (D:5)
  2 orc wizards (D:8)
  2 hell rats (Lair:4)
  A sheep (Lair:3)
  6 river rats
  An ooze (D:3)
  5 orcs
  4 bats
  2 giant cockroaches
  2 giant newts (D:2)
  2 goblins
  3 kobolds
  6 rats
  2 fungi (Lair:1)
63 creatures vanquished.

Vanquished Creatures (others)
  20 fungi
  5 plants
25 creatures vanquished.

Grand Total: 387 creatures vanquished

Notes
Turn   | Place    | Note
--------------------------------------------------------------
     0 | D:1      | Fizybubbleh the Mummy Necromancer began the quest for the Orb.
     0 | D:1      | Reached XP level 1. HP: 13/13 MP: 3/3
   377 | D:1      | Reached XP level 2. HP: 13/19 MP: 0/5
   702 | D:1      | Learned a level 1 spell: Animate Skeleton
   778 | D:1      | Identified a +1 pair of boots of running (You found it on level 1 of the Dungeon)
  1361 | D:2      | Noticed Natasha
  1512 | D:2      | Reached skill level 5 in Necromancy
  1579 | D:2      | Reached XP level 3. HP: 24/24 MP: 0/6
  1584 | D:2      | Learned a level 3 spell: Vampiric Draining
  1924 | D:2      | Found a deep blue altar of Sif Muna.
  1924 | D:2      | Found an opulent altar of Gozag.
  1928 | D:2      | Became a worshipper of Sif Muna the Loreminder
  2996 | D:2      | Killed Natasha
  2996 | D:2      | Reached XP level 4. HP: 23/30 MP: 0/7
  3141 | D:2      | Your ally Natasha died
  3716 | D:3      | Reached skill level 6 in Necromancy
  3862 | D:3      | Reached XP level 5. HP: 22/35 MP: 0/8
  4181 | D:2      | Noticed Natasha
  4637 | D:2      | Acquired Sif Muna's first power
  4661 | D:2      | Killed Natasha
  5229 | D:3      | Reached skill level 7 in Necromancy
  5633 | D:4      | Found a bloodstained altar of Trog.
  5651 | D:4      | Noticed Blork the orc
  5686 | D:4      | Reached XP level 6. HP: 41/41 MP: 5/9
  5692 | D:4      | Learned a level 4 spell: Control Undead
  5846 | D:4      | Killed Blork the orc
  5872 | D:4      | Noticed Sigmund
  5893 | D:4      | Killed Sigmund
  5893 | D:4      | Reached skill level 8 in Necromancy
  6036 | D:4      | Your ally Blork died
  6124 | D:4      | Reached XP level 7. HP: 35/46 MP: 2/10
  6735 | D:4      | Acquired Sif Muna's second power
  6847 | D:4      | Found Ledawk's Assorted Antiques.
  6855 | D:4      | Bought a runed marble ring for 105 gold pieces
  6897 | D:4      | Noticed Grinder
  6902 | D:4      | Noticed Grinder
  6902 | D:4      | Grinder changed into Grinder the smoke demon
  7091 | D:5      | Entered Level 5 of the Dungeon
  7613 | D:5      | Found a glowing golden altar of the Shining One.
  8417 | D:6      | Found a staircase to the Ecumenical Temple.
  8740 | D:6      | Learned a level 4 spell: Animate Dead
  8910 | D:6      | Reached skill level 9 in Necromancy
  8977 | D:6      | Found a shattered altar of Ashenzari.
  9021 | D:6      | Reached XP level 8. HP: 52/52 MP: 8/14
  9887 | D:7      | Reached skill level 10 in Necromancy
 11312 | D:8      | Reached skill level 11 in Necromancy
 11417 | D:8      | Reached skill level 1 in Short Blades
 11612 | D:8      | Reached XP level 9. HP: 49/57 MP: 6/15
 11808 | D:8      | Found a stormy altar of Qazlal.
 12213 | D:8      | Found a staircase to the Lair.
 13436 | Lair:1   | Entered Level 1 of the Lair of Beasts
 13436 | Lair:1   | Noticed a spiny frog
 13475 | Lair:1   | Killed a spiny frog
 13475 | Lair:1   | Reached skill level 5 in Short Blades
 14358 | Lair:1   | Reached XP level 10. HP: 47/63 MP: 13/16
 14872 | Lair:1   | Noticed a spiny frog
 14879 | Lair:1   | Killed a spiny frog
 16716 | Lair:2   | Reached skill level 10 in Short Blades
 16806 | Lair:2   | Found a labyrinth entrance.
 16860 | Lab      | Entered a labyrinth
 17313 | Lab      | Noticed a minotaur
 17416 | Lab      | Identified Yroe's Almanac of Beguiling (You found it in a labyrinth)
 18498 | Lair:2   | Reached XP level 11. HP: 51/68 MP: 6/17
 20086 | Lair:4   | Got a faintly humming scale mail
 20098 | Lair:4   | Identified the cursed +0 scale mail of the Cockroach {Int+3} (You found it on level 4 of the Lair of Beasts)
 20141 | Lair:4   | Upgraded the game from 0.17-a0-1479-g4041c36 to 0.17-a0-1481-gfdcec5c
 20295 | Lair:4   | Noticed a death yak
 20297 | Lair:4   | Noticed a death yak
 20376 | Lair:4   | Noticed an ice dragon
 20757 | Lair:4   | Noticed a death yak
 21019 | Lair:5   | Reached skill level 12 in Short Blades
 21020 | Lair:5   | HP: 2/68 [yak (14)]
 21022 | Lair:5   | Mangled by a yak

Vault maps used:
D:1:      moated_graveyard_arrival, minmay_misc_feat_columns
D:2:      gammafunk_temple_overflow_wave, kennysheep_minor_cross,
          minmay_misc_feat_pillars, uniq_natasha
D:3:      serial_bayou_pond_b, st_stairs_7, grunt_decor_fettered,
          minmay_misc_feat_rows, hangedman_decor_push
D:4:      nicolae_overflow_hidden_temple, first_bread, serial_shops, shop,
          minmay_misc_feat_secret_circle, uniq_blork_the_orc, uniq_grinder,
          uniq_sigmund
D:5:      corexii_shack_village, nicolae_overflow_crystal_walls,
          grunt_decor_arrowhead, serial_park_tiny_2
D:6:      cheibrodos_ashenzari_chains
D:8:      kennysheep_little_box, grunt_lair_entry_elf_guard_hut
D:9:      grunt_temple_overflow_growth_and_decay, basic_altar, david_nohive_1
Lair:1:   special_room
Lair:2:   lab_entry_generic, grunt_megastairs_2, serial_bayou_shore_a,
          lemuel_fruit_tree
Lair:3:   portal_ice_cave_entry_pillars_02, wad_woods_road_05
Lair:4:   minmay_lair_oklob_items, bobbens_ice_dragon_lair, uniq_nergalle
Lair:5:   swamp_mist
Lab:      nicolae_lab_dead_adventurers

Action                   |  1- 3 |  4- 6 |  7- 9 | 10-12 || total
-------------------------+-------+-------+-------+-------++-------
Melee: Short sword       |     5 |    21 |   240 |   129 ||   395
       Club              |     1 |       |       |       ||     1
Throw: Tomahawk          |       |       |       |     6 ||     6
 Cast: Pain              |    72 |   128 |   242 |   208 ||   650
       Animate Skeleton  |     6 |    13 |    17 |     5 ||    41
       Control Undead    |       |       |    21 |     2 ||    23
       Vampiric Draining |       |       |    19 |    75 ||    94
       Animate Dead      |       |       |     3 |    12 ||    15
Invok: Channel Energy    |       |     1 |    15 |    24 ||    40
Evoke: Wand              |       |       |     5 |     2 ||     7
  Use: Scroll            |       |     8 |     8 |     8 ||    24
 Stab: Sleeping          |       |     1 |       |       ||     1
       Paralysed         |       |       |     7 |     1 ||     8
